[Event "Team 45 45 League T91"]
[Site "Internet Chess Club"]
[Date "2022.02.18"]
[Round "6"]
[White "Gojira"]
[Black "ghowell"]
[Result "1/2-1/2"]
[WhiteElo "1527"]
[BlackElo "1517"]
[Opening "Queen's pawn: Chigorin variation"]
[ECO "D00"]
[Time "05:01:09"]
[PlyCount "127"]
[TimeControl "2700+45"]

1. d4 d5 2. Nc3 Nf6 3. Bf4 e6 4. e3 Bd6 5. Nf3 O-O 6. Bd3 c5 7. dxc5 Bxc5 8. Nb5
Nc6 9. Nc7 e5 10. Bxe5 Nxe5 11. Nxa8 Nxf3+ 12. Qxf3 Bg4 13. Qf4 Qxa8 14. h3 Bh5
15. O-O Bg6 16. Be2 b6 17. c3 Ne4 18. Rad1 Bd6 19. Qh4 Qd8 20. Qxd8 Rxd8 21. g3
Bc5 22. Bb5 f5 23. Bc6 Bf7 24. Rd3 Rd6 25. Ba8 a5 26. Rfd1 Nf6 27. c4 Bh5 28.
R1d2 Bb4 29. Bxd5+ Nxd5 30. Rxd5 Rxd5 31. Rxd5 g6 32. Rd7 Bf3 33. Kf1 h6 34. a3
Bc5 35. Ke1 g5 36. Kd2 h5 37. Kc3 Kf8 38. b4 axb4+ 39. axb4 Be7 40. Rc7 Bf6+ 41.
Kd2 Bg2 42. Rh7 h4 43. gxh4 gxh4 44. c5 bxc5 45. bxc5 Be4 46. Ra7 Be7 47. Rc7
Ke8 48. c6 Bd6 49. Rc8+ Ke7 50. Kc3 f4 51. exf4 Bxf4 52. Kd4 Bg2 53. Rh8 Bxc6
54. Rxh4 Bg5 55. Rh7+ Kf6 56. h4 Bd2 57. Kd3 Bf4 58. Ra7 Kf5 59. Rf7+ Kg4 60.
Rf6 Be8 61. Ke4 Bd2 62. Kd3 Be1 63. Re6 Bb5+ 64. Ke3 {Game drawn by mutual
agreement} 1/2-1/2

[Event "Team 45 45 League T91"]
[Site "Internet Chess Club"]
[Date "2022.02.18"]
[Round "6"]
[White "keithuws"]
[Black "jcule"]
[Result "1-0"]
[WhiteElo "1170"]
[BlackElo "1326"]
[Opening "King's pawn game"]
[ECO "C50"]
[Time "12:00:27"]
[PlyCount "45"]
[TimeControl "2700+45"]

1. e4 e5 2. Nf3 Nc6 3. Bc4 h6 4. d4 exd4 5. Nxd4 Nxd4 6. Qxd4 d6 7. O-O Nf6 8.
Re1 Be7 9. Nc3 O-O 10. Bd2 b6 11. Nd5 Re8 12. Re3 Bb7 13. Rg3 c5 14. Qe3 g5 15.
f4 Nxd5 16. exd5 Bf6 17. Qf3 Bc8 18. Qh5 Kg7 19. Rf1 Rh8 20. Bc3 Bf5 21. fxg5
hxg5 22. Qxg5+ Bg6 23. Bxf6+ {Black resigns} 1-0

[Event "Team 45 45 League T91"]
[Site "Internet Chess Club"]
[Date "2022.02.21"]
[Round "6"]
[White "Fulmar"]
[Black "natalieH"]
[Result "0-1"]
[WhiteElo "1265"]
[BlackElo "1125"]
[Opening "Queen's pawn game, Chigorin variation"]
[ECO "D02"]
[Time "11:00:31"]
[PlyCount "72"]
[TimeControl "2700+45"]

1. d4 d5 2. Nf3 Nc6 3. e3 Nf6 4. Bd3 Bg4 5. Nbd2 Qd7 6. b3 O-O-O 7. Bb2 e6 8. a3
Be7 9. h3 Bh5 10. O-O Bg6 11. Be2 Ne4 12. Nxe4 Bxe4 13. c4 Bf6 14. c5 a6 15. b4
Ne7 16. a4 Ng6 17. Ne1 Qe7 18. f3 Bf5 19. g4 Bh4 20. gxf5 Qg5+ 21. Ng2 exf5 22.
Bc3 f4 23. Be1 fxe3 24. Bxh4 Nxh4 25. Rf2 exf2+ 26. Kxf2 Qxg2+ 27. Ke3 Rhe8+ 28.
Kd3 Qg6+ 29. Kc3 Re3+ 30. Kb2 Rde8 31. Bf1 Qg3 32. Qb1 Qf2+ 33. Be2 Qxe2+ 34.
Qc2 Qxf3 35. Qxh7 Re2+ 36. Kc1 Qf1# {White checkmated} 0-1

[Event "Team 45 45 League T91"]
[Site "Internet Chess Club"]
[Date "2022.02.18"]
[Round "6"]
[White "primerpaso"]
[Black "ElValero"]
[Result "0-1"]
[WhiteElo "1856"]
[BlackElo "1714"]
[Opening "English: Symmetrical, Keres defense"]
[ECO "A17"]
[Time "14:02:51"]
[PlyCount "76"]
[TimeControl "2700+45"]

1. c4 Nf6 2. Nc3 e6 3. g3 c5 4. Bg2 Nc6 5. Nf3 d5 6. cxd5 Nxd5 7. O-O Be7 8. d3
O-O 9. Bd2 b6 10. Rc1 Bb7 11. a3 Rc8 12. Qa4 Qd7 13. Nxd5 exd5 14. b4 Rfe8 15.
b5 Nd8 16. Qb3 Bf6 17. e3 c4 18. dxc4 dxc4 19. Qb4 Be7 20. Qb2 Bxf3 21. Bxf3
Bxa3 22. Qxa3 Qxd2 23. Rc3 Qd7 24. Qa4 Rc5 25. Rb1 g6 26. Rxc4 Rxc4 27. Qxc4 Qf5
28. Ra1 Qxf3 29. Rxa7 Ne6 30. Ra1 Ng5 31. h4 Qe4 32. Qc3 Nf3+ 33. Kf1 Qe5 34.
Qxe5 Nxe5 35. Ke2 Rc8 36. Ra2 Rc5 37. Rb2 Nc4 38. Rb3 Nd6 {White resigns} 0-1

[Event "Team 45 45 League T91"]
[Site "Internet Chess Club"]
[Date "2022.02.20"]
[Round "6"]
[White "VictorRed"]
[Black "BrianWood"]
[Result "1/2-1/2"]
[WhiteElo "1674"]
[BlackElo "1504"]
[Opening "Sicilian: Kan variation"]
[ECO "B41"]
[Time "22:00:47"]
[PlyCount "36"]
[TimeControl "2700+45"]

1. e4 c5 2. Nf3 e6 3. d4 cxd4 4. Nxd4 a6 5. Be3 Nf6 6. Bd3 Qc7 7. O-O Nc6 8.
Nxc6 Qxc6 9. f3 d5 10. e5 Nd7 11. f4 Bc5 12. Qe2 Qb6 13. Bxc5 Nxc5 14. Qf2 Bd7
15. b3 Rc8 16. Kh1 O-O 17. Nd2 Qb4 18. a3 Qc3 {Game drawn by mutual agreement}
1/2-1/2

[Event "Team 45 45 League T91"]
[Site "Internet Chess Club"]
[Date "2022.02.19"]
[Round "6"]
[White "jjmolina1"]
[Black "kabindra"]
[Result "0-1"]
[WhiteElo "1416"]
[BlackElo "1787"]
[Opening "Ruy Lopez: Schliemann defense, Berger variation"]
[ECO "C63"]
[Time "13:02:07"]
[PlyCount "74"]
[TimeControl "2700+45"]

1. e4 e5 2. Nf3 Nc6 3. Bb5 f5 4. Nc3 fxe4 5. Nxe4 Nf6 6. d3 d5 7. Nxe5 dxe4 8.
Nxc6 bxc6 9. Bxc6+ Bd7 10. Bxa8 Qxa8 11. dxe4 Qxe4+ 12. Qe2 Bb5 13. Qxe4+ Nxe4
14. Be3 a6 15. O-O-O Bd6 16. f3 Nf6 17. Rhe1 O-O 18. Bg1 a5 19. Kb1 a4 20. a3
Bc4 21. Rd4 Bb5 22. Rdd1 Bc6 23. Rd3 Nd5 24. Red1 Nf4 25. R3d2 Re8 26. h3 Ne2
27. Bf2 Bb5 28. Rd5 Bc4 29. R5d2 Rb8 30. Ka1 Be7 31. c3 Bf6 32. Bd4 Nxd4 33.
cxd4 Bd5 34. f4 Rb3 35. Rg1 c5 36. dxc5 Rxa3+ 37. Kb1 Be4+ {White resigns} 0-1

[Event "Team 45 45 League T91"]
[Site "Internet Chess Club"]
[Date "2022.02.22"]
[Round "6"]
[White "WzeroMN"]
[Black "howah45"]
[Result "0-1"]
[WhiteElo "1039"]
[BlackElo "1176"]
[Opening "Caro-Kann: advance variation"]
[ECO "B12"]
[Time "16:35:25"]
[PlyCount "56"]
[TimeControl "2700+45"]

1. e4 c6 2. d4 d5 3. e5 Bf5 4. Bd3 Bg6 5. Bxg6 hxg6 6. Nf3 e6 7. O-O c5 8. Be3
Nd7 9. c3 Nh6 10. Bxh6 Rxh6 11. Nbd2 Be7 12. c4 Nb6 13. b3 Qc7 14. a4 cxd4 15.
cxd5 Nxd5 16. Nxd4 Qxe5 17. N2f3 Qc7 18. Rc1 Qb6 19. Qe2 Bf6 20. Qb5+ Ke7 21.
Qc5+ Qxc5 22. Rxc5 Rah8 23. Rfc1 Bxd4 24. R5c4 Bb6 25. g3 Rh5 26. Rh4 Rxh4 27.
gxh4 Ne3 28. fxe3 Bxe3+ {White resigns} 0-1

[Event "Team 45 45 League T91"]
[Site "Internet Chess Club"]
[Date "2022.02.19"]
[Round "6"]
[White "manfredo"]
[Black "Zugzwanged"]
[Result "1-0"]
[WhiteElo "1537"]
[BlackElo "1659"]
[Opening "French: advance, Nimzovich system"]
[ECO "C02"]
[Time "13:02:18"]
[PlyCount "67"]
[TimeControl "2700+45"]

1. e4 e6 2. d4 d5 3. e5 c5 4. Nf3 Nc6 5. Bd3 cxd4 6. O-O Nge7 7. Bf4 Ng6 8. Bg3
Be7 9. Nbd2 O-O 10. Nb3 f5 11. exf6 Bxf6 12. Re1 Qb6 13. h4 Re8 14. h5 Nh8 15.
Ne5 Nxe5 16. Bxe5 Bxe5 17. Rxe5 Nf7 18. Re1 Bd7 19. Nxd4 e5 20. Nb3 e4 21. Bxe4
dxe4 22. Qxd7 e3 23. Rxe3 Rxe3 24. fxe3 Qxe3+ 25. Kh1 Qg5 26. Qh3 Re8 27. Rf1 h6
28. Qf5 Qh4+ 29. Kg1 Ng5 30. Qd5+ Kh7 31. Qd3+ Kh8 32. Nd2 Rd8 33. Qxd8+ Kh7 34.
Qd3+ {Black resigns} 1-0

[Event "Team 45 45 League T91"]
[Site "Internet Chess Club"]
[Date "2022.02.19"]
[Round "6"]
[White "Electryon"]
[Black "dalmata"]
[Result "0-1"]
[WhiteElo "1489"]
[BlackElo "1571"]
[Opening "Réti opening"]
[ECO "A04"]
[Time "16:00:49"]
[PlyCount "56"]
[TimeControl "2700+45"]

1. Nf3 e6 2. b3 d5 3. e3 Nf6 4. Bb2 Bd6 5. d4 O-O 6. Bd3 c5 7. dxc5 Bxc5 8. O-O
Nc6 9. a3 Re8 10. Ne5 Nxe5 11. Bxe5 Nd7 12. Bb2 Be7 13. Nd2 Bf6 14. Qc1 Nc5 15.
Be2 b6 16. b4 Na4 17. Be5 Bxe5 18. Rb1 Nc3 19. Bb5 Bd7 20. Bxd7 Qxd7 21. Kh1
Nxb1 22. Qxb1 Qb5 23. Nf3 Bf6 24. Rc1 Rac8 25. Qb3 Rc3 26. Qa2 Rec8 27. Nd4 Bxd4
28. exd4 Rxc2 {White resigns} 0-1

[Event "Team 45 45 League T91"]
[Site "Internet Chess Club"]
[Date "2022.02.17"]
[Round "6"]
[White "fvafier"]
[Black "tryanything"]
[Result "1/2-1/2"]
[WhiteElo "1529"]
[BlackElo "1475"]
[Opening "Réti: King's Indian attack"]
[ECO "A08"]
[Time "16:00:19"]
[PlyCount "80"]
[TimeControl "2700+45"]

1. Nf3 d5 2. g3 c5 3. Bg2 Nc6 4. d3 e5 5. Nbd2 Nf6 6. e4 h6 7. O-O Be6 8. a4 Be7
9. b3 O-O 10. Bb2 d4 11. Nc4 Bd6 12. Nh4 Bc7 13. Nf5 Qd7 14. Nh4 Bh3 15. a5 Bxg2
16. Kxg2 b5 17. axb6 axb6 18. Qe2 b5 19. Nd2 Ra5 20. Rfc1 Rfa8 21. c3 Ra2 22.
Rab1 Ba5 23. cxd4 Nxd4 24. Qd1 Bxd2 25. Rxc5 Qd6 26. Bxd4 Qxd4 27. Rxb5 Qxd3 28.
Rxe5 Qd4 29. Re7 Nxe4 30. Qf3 Nf6 31. Rd1 Qb2 32. Re2 Qc3 33. Rexd2 Qxf3+ 34.
Nxf3 Ne4 35. Rxa2 Rxa2 36. Rf1 Rb2 37. Nd4 Nd2 38. Rd1 Nxb3 39. Nxb3 Rxb3 40.
Rd8+ Kh7 {Game drawn by mutual agreement} 1/2-1/2

[Event "Team 45 45 League T91"]
[Site "Internet Chess Club"]
[Date "2022.02.19"]
[Round "6"]
[White "clarinetref"]
[Black "Denis240964"]
[Result "1-0"]
[WhiteElo "1482"]
[BlackElo "1380"]
[Opening "Center game: Paulsen attack"]
[ECO "C22"]
[Time "09:02:41"]
[PlyCount "83"]
[TimeControl "2700+45"]

1. e4 e5 2. d4 exd4 3. Qxd4 Nc6 4. Qe3 d6 5. Bd2 Nf6 6. Nc3 Be7 7. h3 b6 8.
O-O-O Bb7 9. f3 Qd7 10. Bc4 Na5 11. Bb5 c6 12. Bd3 c5 13. Bb5 Nc6 14. Nd5 O-O
15. Ne2 Bd8 16. Bc3 Ne8 17. e5 a6 18. Bxc6 Bxc6 19. f4 Qe6 20. Qd3 b5 21. f5 Qc8
22. exd6 c4 23. Qg3 Kh8 24. Ne7 Qb7 25. Nxc6 Qxc6 26. d7 Nf6 27. Rd6 Qe4 28. Nd4
Bc7 29. Re1 Bxd6 30. Qxd6 Qd5 31. Qb6 Nxd7 32. Qc7 Rac8 33. Qg3 f6 34. Ne6 Rf7
35. Qf4 Ne5 36. Bxe5 fxe5 37. Rxe5 Qxg2 38. Re1 Qxh3 39. Ng5 Qxf5 40. Nxf7+ Kg8
41. Qxf5 Rf8 42. Qd7 {Black resigns} 1-0

[Event "Team 45 45 League T91"]
[Site "Internet Chess Club"]
[Date "2022.02.19"]
[Round "6"]
[White "room-matt"]
[Black "Legal"]
[Result "0-1"]
[WhiteElo "1785"]
[BlackElo "1885"]
[Opening "Bishop's opening: Berlin defense"]
[ECO "C24"]
[Time "09:02:54"]
[PlyCount "114"]
[TimeControl "2700+45"]

1. e4 e5 2. Bc4 Nf6 3. d3 Nc6 4. Nc3 Bb4 5. Ne2 d5 6. exd5 Nxd5 7. O-O Nxc3 8.
bxc3 Bd6 9. f4 O-O 10. f5 Na5 11. Bb3 Nxb3 12. cxb3 f6 13. Ng3 b6 14. Qf3 Ba6
15. Ne4 Be7 16. Rd1 c5 17. Bb2 Qc7 18. Re1 Rad8 19. Re3 Rd7 20. c4 Bb7 21. h4
Rfd8 22. Rae1 Bf8 23. g4 Bxe4 24. Qxe4 Qb7 25. a3 Qxe4 26. dxe4 Rd3 27. Bc3 g6
28. Kf2 Bh6 29. g5 fxg5 30. hxg5 Bxg5 31. Rxd3 Rxd3 32. Bxe5 Rxb3 33. Rd1 gxf5
34. exf5 Be3+ 35. Ke2 Bd4 36. Bxd4 cxd4 37. Rxd4 Rxa3 38. Rd7 h5 39. f6 h4 40.
Kf2 h3 41. Rg7+ Kf8 42. Rh7 Rc3 43. Rxa7 Rxc4 44. Kg3 Rc3+ 45. Kh2 b5 46. Rb7
Rb3 47. Rh7 b4 48. Rb7 Kg8 49. Rg7+ Kf8 50. Rb7 Ke8 51. Re7+ Kd8 52. Rb7 Ke8 53.
Re7+ Kf8 54. Rb7 Rb1 55. Kxh3 b3 56. Kg3 b2 57. Kf2 Rh1 {White resigns} 0-1

[Event "Team 45 45 League T91"]
[Site "Internet Chess Club"]
[Date "2022.02.22"]
[Round "6"]
[White "cadmiumorange"]
[Black "fhunfi"]
[Result "1-0"]
[WhiteElo "1749"]
[BlackElo "1699"]
[Opening "Réti opening"]
[ECO "A05"]
[Time "05:00:22"]
[PlyCount "77"]
[TimeControl "2700+45"]

1. Nf3 Nf6 2. g3 d5 3. Bg2 c6 4. O-O g6 5. d3 Bg7 6. Nbd2 Qc7 7. e4 dxe4 8. dxe4
O-O 9. Re1 Rd8 10. Qe2 e5 11. b3 Bg4 12. h3 Bxf3 13. Nxf3 Nbd7 14. Bb2 Re8 15.
Rad1 Bf8 16. Rd2 Bc5 17. Red1 Re7 18. a4 a5 19. Qc4 b6 20. Ne1 Nf8 21. Nd3 N6d7
22. Nxc5 Nxc5 23. Rd6 Nfd7 24. f4 Rae8 25. f5 Kg7 26. Bc1 f6 27. Qe2 Nb7 28.
R6d3 Nf8 29. Qd2 g5 30. Ba3 c5 31. Bf1 Rc8 32. Rd5 Ree8 33. Ba6 Ra8 34. Qe2 Re7
35. Bc1 Rb8 36. Bxb7 Rxb7 37. Qh5 h6 38. h4 Nd7 39. Qg6+ {Black resigns} 1-0

[Event "Team 45 45 League T91"]
[Site "Internet Chess Club"]
[Date "2022.02.19"]
[Round "6"]
[White "fireball"]
[Black "marioseixas1992"]
[Result "1-0"]
[WhiteElo "1603"]
[BlackElo "1528"]
[Opening "Sicilian: Smith-Morra gambit"]
[ECO "B21"]
[Time "11:04:27"]
[PlyCount "48"]
[TimeControl "2700+45"]

1. e4 c5 2. d4 cxd4 3. c3 dxc3 4. Nxc3 Nc6 5. Nf3 e6 6. Bc4 Bb4 7. Bd2 Nge7 8.
e5 d5 9. exd6 Qxd6 10. O-O O-O 11. Ne4 Qc7 12. Bxb4 Nxb4 13. Rc1 Nec6 14. a3 Nd5
15. Bxd5 exd5 16. Qxd5 Be6 17. Qg5 f6 18. Qh4 g5 19. Nexg5 fxg5 20. Nxg5 Rf6 21.
Nxh7 Rf4 22. Nf6+ Kf8 23. Qh8+ Ke7 24. Qg7+ Kd8 {Black resigns} 1-0

[Event "Team 45 45 League T91"]
[Site "Internet Chess Club"]
[Date "2022.02.20"]
[Round "6"]
[White "Packerfan"]
[Black "cityprosecutor"]
[Result "1-0"]
[WhiteElo "1793"]
[BlackElo "1668"]
[Opening "English opening"]
[ECO "A16"]
[Time "15:02:41"]
[PlyCount "59"]
[TimeControl "2700+45"]

1. c4 Nf6 2. Nc3 g6 3. g3 Bg7 4. Bg2 O-O 5. d3 c5 6. e4 Nc6 7. Nge2 a6 8. O-O
Rb8 9. a4 d6 10. b3 Bg4 11. Bb2 Nd4 12. f3 Nxe2+ 13. Nxe2 Bd7 14. d4 Ne8 15. Rb1
Qc8 16. Nf4 e6 17. dxc5 Qxc5+ 18. Kh1 b5 19. cxb5 axb5 20. b4 Qc4 21. Bxg7 Kxg7
22. a5 Rc8 23. Qd2 Qc2 24. Qxc2 Rxc2 25. Rfc1 Rxc1+ 26. Rxc1 Nf6 27. Bf1 e5 28.
Nd5 Nxd5 29. exd5 Kf6 30. Rc7 {Black resigns} 1-0

[Event "Team 45 45 League T91"]
[Site "Internet Chess Club"]
[Date "2022.02.18"]
[Round "6"]
[White "RD1974"]
[Black "scostanzo212"]
[Result "1/2-1/2"]
[WhiteElo "1577"]
[BlackElo "1561"]
[Opening "Sicilian: closed, 2...Nc6"]
[ECO "B23"]
[Time "18:00:49"]
[PlyCount "82"]
[TimeControl "2700+45"]

1. e4 c5 2. Nc3 Nc6 3. Nf3 d6 4. g3 Nf6 5. Bg2 e6 6. O-O Be7 7. d3 O-O 8. h3 a6
9. a4 Qc7 10. Re1 Bd7 11. Bg5 Rab8 12. Qd2 b5 13. Reb1 b4 14. Nd1 a5 15. g4 Bc8
16. Bh4 Bb7 17. c3 Rbc8 18. Ne3 d5 19. g5 Nd7 20. exd5 exd5 21. Nxd5 Qd8 22. Qf4
Nb6 23. Nxe7+ Nxe7 24. Re1 Ng6 25. Qg4 Qxd3 26. Rad1 Qc2 27. Bg3 Qxb2 28. cxb4
cxb4 29. Ne5 Bxg2 30. Nxg6 hxg6 31. Kxg2 Rfe8 32. Qf4 Nxa4 33. Rxe8+ Rxe8 34.
Rd5 Nc3 35. Rxa5 Ne2 36. Qf3 Nxg3 37. Kxg3 Qc2 38. Qd5 Qc3+ 39. Kg2 b3 40. Rc5
Qa1 41. Qxb3 Qa8+ {Game drawn by mutual agreement} 1/2-1/2

[Event "Team 45 45 League T91"]
[Site "Internet Chess Club"]
[Date "2022.02.21"]
[Round "6"]
[White "DaveTheRook"]
[Black "mongmong"]
[Result "0-1"]
[WhiteElo "1397"]
[BlackElo "1558"]
[Opening "Réti opening"]
[ECO "A04"]
[Time "17:35:43"]
[PlyCount "108"]
[TimeControl "2700+45"]

1. Nf3 e6 2. g3 d5 3. Bg2 Nf6 4. d3 Be7 5. O-O O-O 6. Nbd2 b5 7. e4 Bb7 8. e5
Nfd7 9. d4 c5 10. c3 a5 11. a3 Nc6 12. Re1 b4 13. Nf1 bxc3 14. bxc3 cxd4 15.
cxd4 Nb6 16. Bg5 Bxg5 17. Nxg5 Qxg5 18. Qb3 Qd8 19. Rab1 Ra6 20. Red1 a4 21. Qb5
Na5 22. Rb4 Qd7 23. Rdb1 Qxb5 24. Rxb5 Nac4 25. R5b4 Bc6 26. Ne3 Nxe3 27. fxe3
Nc4 28. Bf1 Nxa3 29. Bxa6 Nxb1 30. Rxb1 Rd8 31. Rb6 Be8 32. Kf2 g6 33. Ke1 a3
34. Rb1 a2 35. Ra1 Ra8 36. Bd3 Ra3 37. Kd2 Ba4 38. Bc2 Bxc2 39. Kxc2 Rxe3 40.
Rxa2 Re2+ 41. Kb3 Rxa2 42. Kxa2 Kg7 43. Kb2 f6 44. exf6+ Kxf6 45. Kc3 e5 46.
dxe5+ Kxe5 47. Kd3 d4 48. h3 h6 49. Kd2 Ke4 50. Ke2 d3+ 51. Kd2 Kd4 52. g4 g5
53. Ke1 Ke3 54. Kd1 d2 {White resigns} 0-1

[Event "Team 45 45 League T91"]
[Site "Internet Chess Club"]
[Date "2022.02.20"]
[Round "6"]
[White "xingon"]
[Black "howah45"]
[Result "1-0"]
[WhiteElo "1392"]
[BlackElo "1165"]
[Opening "Caro-Kann: exchange variation"]
[ECO "B13"]
[Time "11:04:29"]
[PlyCount "125"]
[TimeControl "2700+45"]

1. d4 c6 2. e4 d5 3. exd5 cxd5 4. Nc3 Nf6 5. Bg5 Nc6 6. Nf3 Bg4 7. Be2 e6 8. O-O
Be7 9. Ne5 Bxe2 10. Nxe2 Nxe5 11. dxe5 Ne4 12. Bxe7 Qxe7 13. Qd3 O-O 14. Nc3
Nxc3 15. Qxc3 Rac8 16. Qd3 Qg5 17. f4 Qg4 18. Rac1 Rc4 19. Qf3 Qf5 20. c3 Rfc8
21. Qe3 b6 22. g3 Re4 23. Qd2 Qg4 24. Qd3 Rcc4 25. b3 Rc7 26. Qb5 Kf8 27. a4 Qe2
28. Qxe2 Rxe2 29. Rf3 Rb2 30. b4 Rb3 31. Rd3 Rc4 32. Kf1 Rbxb4 33. cxb4 Rxc1+
34. Kg2 Rc2+ 35. Kh3 Rc4 36. Rb3 g6 37. a5 b5 38. Kg2 Kg7 39. Kf3 Kh6 40. Ke3
Kh5 41. Kf3 g5 42. g4+ Kh4 43. f5 Rxg4 44. fxe6 fxe6 45. Kf2 Rf4+ 46. Kg2 Re4
47. Rh3+ Kg4 48. Rxh7 Rxe5 49. Rxa7 Re2+ 50. Kf1 Kf3 51. Rf7+ Ke3 52. Re7 Kd4
53. Rc7 Rxh2 54. Rc5 Rb2 55. Rxb5 Kc4 56. Rb6 Rxb4 57. Rxb4+ Kxb4 58. a6 Kb5 59.
a7 d4 60. a8=Q d3 61. Ke1 e5 62. Kd2 Kc4 63. Qe4+ {Black resigns} 1-0

[Event "Team 45 45 League T91"]
[Site "Internet Chess Club"]
[Date "2022.02.18"]
[Round "6"]
[White "Balderdash"]
[Black "burlap"]
[Result "0-1"]
[WhiteElo "1200"]
[BlackElo "1221"]
[Opening "French: advance, Nimzovich system"]
[ECO "C00"]
[Time "09:00:34"]
[PlyCount "120"]
[TimeControl "2700+45"]

1. e4 e6 2. Nf3 d5 3. e5 c5 4. d4 Nc6 5. Bg5 Qb6 6. a4 Qxb2 7. Na3 cxd4 8. Bb5
Bb4+ 9. Bd2 Bxd2+ 10. Nxd2 Ne7 11. O-O O-O 12. Qf3 Nxe5 13. Qg3 N5g6 14. Rfb1
Qc3 15. Nf3 Nf5 16. Qg4 e5 17. Bd3 e4 18. Nb5 Qa5 19. Bxe4 dxe4 20. Qxe4 Bd7 21.
Qxb7 Bxb5 22. axb5 Qb6 23. Qd7 Nfh4 24. Nxh4 Nxh4 25. Ra6 Qd8 26. Qg4 Ng6 27.
Rd1 Re8 28. h4 Rb8 29. Rxd4 Qc7 30. g3 Qxc2 31. Rc6 Re1+ 32. Kg2 Qb2 33. Rc8+
Rxc8 34. Qxc8+ Nf8 35. Rd8 Qb4 36. Qf5 Qe4+ 37. Qxe4 Rxe4 38. Ra8 Rb4 39. Rxa7
Rxb5 40. g4 h5 41. g5 Rb4 42. Kg3 Rg4+ 43. Kh3 Ng6 44. f3 Rxh4+ 45. Kg3 Rd4 46.
Ra8+ Kh7 47. Ra3 f6 48. gxf6 gxf6 49. Ra8 h4+ 50. Kg2 Nf4+ 51. Kf2 h3 52. Ra7+
Kg6 53. Kg3 Kg5 54. Rg7+ Kf5 55. Rh7 Rd2 56. Ra7 h2 57. Ra5+ Kg6 58. Rg5+ fxg5
59. Kg4 h1=Q 60. Kg3 Qg2# {White checkmated} 0-1

[Event "Team 45 45 League T91"]
[Site "Internet Chess Club"]
[Date "2022.02.19"]
[Round "6"]
[White "oldsj"]
[Black "WillC"]
[Result "0-1"]
[WhiteElo "1413"]
[BlackElo "1498"]
[Opening "Scandinavian defense"]
[ECO "B01"]
[Time "10:00:52"]
[PlyCount "70"]
[TimeControl "2700+45"]

1. e4 d5 2. exd5 Nf6 3. Nc3 Nxd5 4. Nxd5 Qxd5 5. Nf3 Bg4 6. Be2 e6 7. O-O Be7 8.
c4 Qd8 9. d4 O-O 10. Be3 c6 11. Qb3 Qc7 12. h3 Bh5 13. Rfd1 Nd7 14. Rac1 Qb8 15.
Rd2 Bg6 16. Qd1 Bb4 17. Bd3 Bxd2 18. Qxd2 Bxd3 19. Qxd3 Rd8 20. Ng5 Nf6 21. Qb3
b6 22. c5 bxc5 23. Qc4 Qb5 24. Qc2 cxd4 25. Bf4 Rac8 26. Re1 d3 27. Qc3 h6 28.
Nf3 Nd5 29. Qd2 Nxf4 30. Qxf4 Qxb2 31. Ne5 f6 32. Ng6 Qb7 33. Qc4 Qf7 34. Nf4 d2
35. Rd1 e5 {White resigns} 0-1

[Event "Team 45 45 League T91"]
[Site "Internet Chess Club"]
[Date "2022.02.20"]
[Round "6"]
[White "Visin"]
[Black "jcule"]
[Result "1/2-1/2"]
[WhiteElo "1207"]
[BlackElo "1320"]
[Opening "Philidor: Improved Hanham variation"]
[ECO "B07"]
[Time "15:00:54"]
[PlyCount "107"]
[TimeControl "2700+45"]

1. e4 d6 2. d4 Nf6 3. Nc3 Nbd7 4. Nf3 e5 5. Bc4 Be7 6. dxe5 dxe5 7. a3 O-O 8.
Bg5 h6 9. Bxf6 Bxf6 10. O-O c6 11. h3 b5 12. Bb3 Ba6 13. Re1 Nc5 14. Ba2 Qc7 15.
Qc1 Rad8 16. b4 Nb7 17. Rd1 Nd6 18. Qe3 Rfe8 19. Ne2 Nc4 20. Bxc4 bxc4 21. c3
Be7 22. Ng3 c5 23. Nf5 Rd3 24. Qc1 Red8 25. Qc2 Kh7 26. Ne1 Rxd1 27. Rxd1 cxb4
28. axb4 g6 29. Nxe7 Qxe7 30. Rxd8 Qxd8 31. Nf3 Qc7 32. g4 Bb7 33. Nd2 Qc6 34.
f3 g5 35. Kg2 Kg7 36. Qa2 a6 37. Qxc4 Qd6 38. Qe2 Bc8 39. Nb3 h5 40. Qd2 Qxd2+
41. Nxd2 h4 42. c4 Bd7 43. Kf2 Kf6 44. Ke3 Ke6 45. Nb3 Bc8 46. Nc5+ Kd6 47. Nd3
f6 48. Kd2 Bd7 49. Kc3 Ba4 50. Nb2 Bd7 51. Nd3 Ba4 52. Nb2 Bd7 53. Nd3 Ba4 54.
Nb2 {Game drawn by repetition} 1/2-1/2

[Event "Team 45 45 League T91"]
[Site "Internet Chess Club"]
[Date "2022.02.20"]
[Round "6"]
[White "BrerRabbit"]
[Black "Pawnchain"]
[Result "1/2-1/2"]
[WhiteElo "1406"]
[BlackElo "1326"]
[Opening "Dutch: classical variation"]
[ECO "A96"]
[Time "15:00:58"]
[PlyCount "37"]
[TimeControl "2700+45"]

1. d4 e6 2. Nf3 f5 3. g3 Nf6 4. Bg2 Be7 5. O-O O-O 6. c4 d6 7. b3 Ne4 8. Bb2 Nd7
9. Nbd2 Ndf6 10. Qc2 Nxd2 11. Nxd2 c6 12. Rad1 Qc7 13. Nf3 Bd7 14. Nd2 Be8 15.
Nf3 Bg6 16. Nh4 Bh5 17. Nf3 Bg6 18. Nh4 Bh5 19. Nf3 {Game drawn by mutual
agreement} 1/2-1/2

[Event "Team 45 45 League T91"]
[Site "Internet Chess Club"]
[Date "2022.02.20"]
[Round "6"]
[White "grekor"]
[Black "stantheman59"]
[Result "1-0"]
[WhiteElo "1148"]
[BlackElo "1136"]
[Opening "Queen's pawn game"]
[ECO "D00"]
[Time "17:02:51"]
[PlyCount "46"]
[TimeControl "2700+45"]

1. d4 Nf6 2. Nc3 d5 3. Bf4 a6 4. e3 Bf5 5. Bd3 Ne4 6. Nf3 Nxc3 7. bxc3 Bg4 8.
Rb1 b6 9. a4 f6 10. h3 Bh5 11. Qe2 Qd7 12. g4 Bg6 13. e4 dxe4 14. Bxe4 Bxe4 15.
Qxe4 Qc6 16. Qxc6+ Nxc6 17. Bxc7 Kd7 18. Bxb6 Rb8 19. O-O Na5 20. Bxa5 Rxb1 21.
Rxb1 e6 22. Rb6 Ke8 23. Rxa6 Ba3 {Black resigns} 1-0

[Event "Team 45 45 League T91"]
[Site "Internet Chess Club"]
[Date "2022.02.17"]
[Round "6"]
[White "kabindra"]
[Black "gduranko"]
[Result "0-1"]
[WhiteElo "1759"]
[BlackElo "1506"]
[Opening "Sicilian: closed"]
[ECO "B23"]
[Time "18:30:42"]
[PlyCount "38"]
[TimeControl "2700+45"]

1. e4 c5 2. Nc3 g6 3. d4 cxd4 4. Qxd4 Nf6 5. Bb5 Nc6 6. Bxc6 bxc6 7. Bg5 Qb6 8.
Bxf6 exf6 9. Qxf6 Qxb2 10. Rb1 Qxc2 11. Qxh8 Ba6 12. Nge2 O-O-O 13. Qe5 d6 14.
Qd4 Bxe2 15. Qxa7 Bb5 16. Qa8+ Kd7 17. Qa7+ Ke8 18. Qe3 Bg7 19. Rc1 Bxc3+ {White
resigns} 0-1

[Event "Team 45 45 League T91"]
[Site "Internet Chess Club"]
[Date "2022.02.18"]
[Round "6"]
[White "blind-warrior"]
[Black "julesraider"]
[Result "0-1"]
[WhiteElo "1388"]
[BlackElo "1536"]
[Opening "Queen's pawn: London system"]
[ECO "A45"]
[Time "14:02:11"]
[PlyCount "108"]
[TimeControl "2700+45"]

1. d4 Nf6 2. Bf4 e6 3. Nf3 d5 4. Nbd2 c5 5. e3 Nc6 6. Ne5 cxd4 7. Nxc6 bxc6 8.
exd4 Qb6 9. Nb3 a5 10. a4 Be7 11. Bd3 O-O 12. Bg5 Ba6 13. O-O Bxd3 14. Qxd3 h6
15. Bxf6 Bxf6 16. Nc5 Rfd8 17. Rab1 e5 18. c3 exd4 19. cxd4 Qb4 20. Rfd1 Be7 21.
Qc3 Bxc5 22. Qxc5 Qxc5 23. dxc5 Rab8 24. Rd4 Rb3 25. Kf1 Rdb8 26. Rd2 R8b4 27.
Ke2 Rxa4 28. Rd3 Rab4 29. Rxb3 Rxb3 30. Kd2 Rb5 31. b3 Rxc5 32. Kd3 Kf8 33. Kd4
Rc2 34. Rf1 Ke7 35. Kd3 Rc5 36. Ra1 Rb5 37. Ra3 Kd6 38. f4 g5 39. g3 c5 40. Kc3
f5 41. h3 d4+ 42. Kd3 gxf4 43. gxf4 Kd5 44. h4 h5 45. Kc2 Ke4 46. Ra1 Kxf4 47.
Rg1 Rb6 48. Rg5 Re6 49. Kd3 Re3+ 50. Kc4 Rc3+ 51. Kb5 d3 52. Rg1 d2 53. Rd1 Ke3
54. Kxa5 Rc1 {White resigns} 0-1